AoeStats
← EloJhowB

Arena

509588865Analyzed
2v2 RM · 6d ago on Sep 27, 2026· 39m 32s· 4 players
Game mode
Random Map
Map size
Medium (4 player)
Population
200
Speed
Normal
Resources
Standard
Victory
Conquest
Starting age
Dark Age
Ending age
Imperial Age
RankedLock teamsTeams togetherTeam positionsShared explorationLock speedFull tech treeHidden civsTurbo modeCheats
Victory
Defeat
🇹🇷 Georgians · Türkiye
924
+15
🇨🇳 Turks · China
896
+17
🇧🇷 Mongols · Brazil
910
-16
🇧🇷 Franks · Brazil
909
-16
cjf_1
11:33 Feudal Age
16:03 Castle Age
13:57 Horse Collar
14:28 Double-Bit Axe
15:14 Gold Mining
17:17 Heavy Plow
27:16 Imperial Age
26:05 Gold Shaft Mining
25:46 Bow Saw
26:35 Wheelbarrow
30:23 Two-Man Saw
30:27 Padded Archer Armor
31:40 Leather Archer Armor
33:27 Ballistics
37:48 Ring Archer Armor
37:16 Murder Holes
37:33 Stone Mining
39:37 Husbandry
39:47 Bloodlines
Hz.Jesus
10:38 Feudal Age
16:04 Castle Age
14:18 Double-Bit Axe
19:56 Stone Mining
21:44 Fletching
23:42 Padded Archer Armor
23:49 Elite Skirmisher
26:54 Bodkin Arrow
29:07 Svan Towers
35:58 Imperial Age
34:50 Leather Archer Armor
34:35 Horse Collar
35:15 Scale Barding Armor
36:12 Fortified Wall
37:25 Ballistics
37:13 Gold Mining
37:34 Bow Saw
39:12 Forging
39:23 Chain Barding Armor
40:10 Bloodlines
40:01 Husbandry
EloJhowB
11:22 Feudal Age
15:13 Castle Age
14:10 Double-Bit Axe
14:22 Horse Collar
15:07 Loom
15:14 Town Watch
17:08 Fletching
19:30 Bow Saw
20:53 Bodkin Arrow
22:57 Gold Mining
29:28 Imperial Age
28:57 Wheelbarrow
35:14 Hand Cart
35:01 Town Patrol
34:28 Light Cavalry
35:19 Bloodlines
35:09 Husbandry
35:20 Forging
35:16 Scale Barding Armor
35:14 Bracer
35:21 Hussar
37:40 Iron Casting
JBerck
5:32 Loom
11:49 Feudal Age
13:18 Wheelbarrow
16:22 Castle Age
15:55 Wheelbarrow
15:17 Double-Bit Axe
17:11 Wheelbarrow
17:58 Town Watch
18:37 Bow Saw
18:47 Forging
23:54 Hand Cart
24:59 Husbandry
28:57 Town Patrol
32:10 Imperial Age
31:47 Iron Casting
31:17 Scale Barding Armor
38:26 Elite Skirmisher
Connection lost

Rejoining the realm…

Still unreachable

The connection could not be restored.

Session expired

The server has moved on; the page needs a fresh start.